 Dungeon Crawl Stone Soup version 0.22.1-57-g7394efd (webtiles) character file.

331 smallpebble the Covered (level 6, -3/53 HPs)
             Began as a Hill Orc Fighter on Mar 23, 2019.
             Was an Initiate of the Shining One.
             Slain by brainwave's ghost (7 damage)
             ... on level 6 of the Dungeon.
             The game lasted 00:26:20 (3677 turns).

smallpebble the Covered (Hill Orc Fighter)          Turns: 3677, Time: 00:26:20

Health: -3/53      AC:  9    Str: 20    XL:     6   Next: 51%
Magic:  6/6        EV:  6    Int:  8    God:    the Shining One [......]
Gold:   302        SH:  9    Dex: 11    Spells: 5/5 levels left

rFire    . . .     SeeInvis .   a - +0 long sword
rCold    + . .     Gourm    .   c - +0 shield
rNeg     . . .     Faith    .   k - +0 chain mail
rPois    +         Spirit   .   (no helmet)
rElec    .         Reflect  .   (no cloak)
rCorr    .         Harm     .   (no gloves)
MR       .....                  (no boots)
Stlth    ..........             (no amulet)
HPRegen  0.17/turn              I - ring of poison resistance
MPRegen  0.10/turn              G - ring of protection from cold

@: glowing
A: no striking features
a: Renounce Religion


You were on level 6 of the Dungeon.
You worshipped the Shining One.
The Shining One was noncommittal.
You were not hungry.

You visited 1 branch of the dungeon, and saw 6 of its levels.

You collected 302 gold pieces.

Inventory:

Hand Weapons
 a - a +0 long sword (weapon)
 h - a +0 dagger
 v - a +2 war axe of venom
 y - a +0 blowgun
Missiles
 B - 41 poisoned needles
Armour
 b - a +0 scale mail
 c - a +0 shield (worn)
 g - a +0 leather armour
 k - a +0 chain mail (worn)
 l - a +0 leather armour
 o - a +0 chain mail
 C - a +0 scale mail
 H - a +0 leather armour
 J - a +0 ring mail
Jewellery
 E - an uncursed ring of protection from fire
 G - a ring of protection from cold (right hand)
 I - a ring of poison resistance (left hand)
Wands
 s - a wand of iceblast (6)
Scrolls
 e - 4 scrolls of identify
 i - a scroll of fog {unknown}
 j - 2 scrolls of immolation {unknown}
 t - 3 scrolls of amnesia
 u - a scroll of teleportation {unknown}
 D - a scroll of remove curse {unknown}
 F - a scroll of blinking {unknown}
 K - a scroll of magic mapping {unknown}
Potions
 d - a potion of might
 m - a potion of flight {unknown}
 n - a potion of brilliance {unknown}
 p - 2 potions of cancellation
 q - 2 potions of lignification {unknown}
 r - 4 potions of curing
 w - a potion of agility {unknown}
 x - a potion of resistance {unknown}
 z - 2 potions of berserk rage {unknown}
 A - a potion of ambrosia {unknown}
Comestibles
 f - 10 rations


   Skills:
 + Level 4.3 Fighting
 + Level 3.1 Long Blades
 + Level 3.7 Axes
 + Level 0.4 Throwing
 + Level 5.1 Armour
 + Level 1.1 Dodging
 + Level 0.1 Stealth
 + Level 4.3 Shields


You had 5 spell levels left.
You didn't know any spells.
Your spell library was empty.

Dungeon Overview and Level Annotations

Branches:
Dungeon (6/15)             Temple (0/1) D:5

Altars:
Hepliaklqana
Xom
The Shining One

Shops:
D:4 (

Annotations:
D:6 brainwave's ghost, novice HuFi


Message History

Found a shimmering altar of Xom.
You hit brainwave's ghost but do no damage.
Brainwave's ghost is severely damaged.
Brainwave's ghost closely misses you.
You barely miss brainwave's ghost.
Brainwave's ghost is severely damaged.
Brainwave's ghost hits you but does no damage.
You completely miss brainwave's ghost.
Brainwave's ghost is severely damaged.
Brainwave's ghost says, "They'll have to sweep you off the floor after I'm finished with you!"
Brainwave's ghost hits you.
* * * LOW HITPOINT WARNING * * *
Brainwave's ghost closely misses you.
You slash brainwave's ghost!
Brainwave's ghost is severely damaged.
You block brainwave's ghost's attack.
You completely miss brainwave's ghost.
Brainwave's ghost is severely damaged.
Brainwave's ghost hits you!
You die...

.. .(..... ..
#....
#.##...####
#.........#
#......##.#
#.###...#.#
##.# #...#.#
####...##...#.#
....._.@W...#.#
..##...######.#
##.# #.# #. #?#
. #.# ...##
##.#.#
..#.#.##.##.#
... ....#....#
#.......#


You could see brainwave's ghost.

Vanquished Creatures
  A howler monkey (D:4)
  2 crimson imps
  A bullfrog zombie (D:4)
  Jessica (D:3)
  3 worker ants (D:4)
  2 adders
  An ooze (D:3)
  2 worms (D:3)
  A dart slug (D:1)
  2 leopard geckos
  An orc (D:5)
  11 giant cockroaches
  3 goblins (D:1)
  8 hobgoblins
  3 jackals (D:2)
  2 quokkas
  3 ball pythons
  A ball python skeleton (D:4)
  3 bats
  4 frilled lizards
  9 kobolds
  4 rats
68 creatures vanquished.

Notes
Turn   | Place    | Note
-------+----------+-------------------------------------------
     0 | D:1      | smallpebble the Hill Orc Fighter began the quest for the
                  | Orb.
     0 | D:1      | Reached XP level 1. HP: 19/19 MP: 1/1
   226 | D:1      | Reached XP level 2. HP: 25/27 MP: 2/2
   873 | D:2      | Reached XP level 3. HP: 22/33 MP: 3/3
  1526 | D:2      | Reached XP level 4. HP: 37/40 MP: 4/4
  1784 | D:3      | Found a glowing golden altar of the Shining One.
  1792 | D:3      | Became a worshipper of the Shining One
  2087 | D:3      | Noticed Jessica
  2093 | D:3      | Killed Jessica
  2093 | D:3      | Reached skill level 4 in Armour
  2314 | D:3      | Found a hazy altar of Hepliaklqana.
  2637 | D:4      | Reached skill level 1 in Axes
  2637 | D:4      | Reached XP level 5. HP: 44/46 MP: 5/5
  2930 | D:4      | Reached XP level 6. HP: 40/52 MP: 6/6
  2950 | D:4      | Reached skill level 1 in Dodging
  3139 | D:4      | Found Muf Pewo's Weapon Emporium.
  3231 | D:4      | Reached skill level 5 in Armour
  3353 | D:5      | Entered Level 5 of the Dungeon
  3410 | D:5      | Found a staircase to the Ecumenical Temple.
  3591 | D:5      | Found a runed door.
  3600 | D:5      | Noticed brainwave's ghost (novice HuFi)
  3670 | D:6      | Found a shimmering altar of Xom.
  3677 | D:6      | Slain by brainwave's ghost

Skill      XL: |  1  2  3  4  5  6 |
---------------+-------------------+-----
Fighting       | 4 |  4.3
Long Blades    | 3 |  3.1
Shields        | 4 |  4.3
Armour         | 4 5 |  5.1
Axes           | 1 2 3 |  3.7
Dodging        | 1 |  1.1
Throwing       | |  0.4
Stealth        | |  0.1

Action                   |  1- 3 |  4- 6 || total
-------------------------+-------+-------++-------
Melee: Long sword        |   115 |    26 ||   141
       War axe           |    15 |    71 ||    86
 Fire: Blowgun           |       |     5 ||     5
Evoke: Wand              |       |     2 ||     2
  Use: Scroll            |     1 |     5 ||     6
       Potion            |       |     3 ||     3
  Eat: Chunk             |     1 |     3 ||     4
       Ration            |       |     2 ||     2
Armor: Scale mail        |    32 |       ||    32
       Chain mail        |    68 |    33 ||   101
Dodge: Dodged            |    45 |    16 ||    61
Block: Shield            |    77 |    41 ||   118
       Rpst.: Long sword |    10 |       ||    10
